 Dungeon Crawl Stone Soup version 0.32-a0-938-g40ac7a0f4d (webtiles) character file.

Game seed: 11665067308292298463

62587 Gadrel the Peltast (level 14, -1/122 HPs)
             Began as an Armataur Fighter on Apr 15, 2024.
             Was a High Priest of Trog.
             Killed by divine providence
             ... invoked by an orc high priest
              (12 damage)
             ... on level 2 of the Orcish Mines.
             The game lasted 00:54:39 (19768 turns).

Gadrel the Peltast (Armataur Fighter)              Turns: 19768, Time: 00:54:39

Health: -1/122     AC: 11    Str: 26    XL:     14   Next: 64%
Magic:  14/14      EV:  5    Int: 10    God:    Trog [*****.]
Gold:   1892       SH:  7    Dex:  9    Spells: 13/13 levels left

rFire   + . .        a - +7 eveningstar
rCold   . . .        c - +0 buckler
rNeg    + . .        w - +2 scale mail {rF+}
rPois   +            (no helmet)
rElec   .            W - +0 cloak
rCorr   +            h - +0 pair of gloves
SInv    .            L - +4 barding
Will    ++...        Q - amulet of regeneration Stlth
                     C - ring of protection from cold {rC+, !d}
HPRegen 1.20/turn    A - ring of the Everdark {rPois rC- rN+ Will+ rCorr}
MPRegen 0.14/turn

%: roll
@: about to teleport, corroded
A: large, deformed body, tough skin 3, armoured tail, rollpage 2
a: Renounce Religion, Berserk, Trog's Hand, Brothers in Arms


You were on level 2 of the Orcish Mines.
You worshipped Trog.
Trog was extremely pleased with you.
You visited 3 branches of the dungeon, and saw 17 of its levels.
You also visited: Sewer, Ossuary, Ice Cave and Volcano.

You collected 1892 gold pieces.

Inventory:

Hand Weapons
 a - a +7 eveningstar (weapon)
   (Trog gifted it to you on level 2 of the Orcish Mines)
 b - a +0 sling
   (You found it on level 2 of the Dungeon)
 n - the +4 spear of Ywnyuwnu {flame, Fly rF+ Str-5 Int+3}
   (You found it on level 3 of the Dungeon)

   Str-5:     It affects your strength (-5).
   Int+3:     It affects your intelligence (+3).
   rF+:       It protects you from fire.
   Fly:       It grants you flight.
Missiles
 d - 6 javelins
 i - 3 throwing nets {!d}
 r - 6 curare-tipped darts
 u - 65 poisoned darts
 R - 4 boomerangs
Armour
 c - a +0 buckler (worn)
 e - the +3 hat of Pondering {ponderous, Will+ MP+10 Int+5}
   (You took it off Gastronok on level 8 of the Dungeon)

   Int+5:     It affects your intelligence (+5).
   Will+:     It increases your willpower.
   MP+10:     It affects your magic capacity (+10).
 h - a +0 pair of gloves (worn)
   (You found it on level 8 of the Dungeon)
 w - a +2 scale mail of fire resistance (worn)
   (You found it on level 5 of the Dungeon)
 I - +0 swamp dragon scales
   (You took it off Maggie on level 8 of the Dungeon)
 L - a +4 barding (worn)
   (You found it in an ice cave)
 W - a +0 cloak (worn)
   (You took it off Maurice on level 8 of the Dungeon)
Jewellery
 l - an amulet of reflection
   (You found it on level 2 of the Dungeon)
 z - a +5 ring of evasion
   (You found it on level 5 of the Dungeon)
 A - the ring of the Everdark (right hand) {rPois rC- rN+ Will+ rCorr}
   (You found it on level 5 of the Lair of Beasts)

   [ring of positive energy]

   rC-:       It makes you vulnerable to cold.
   rPois:     It protects you from poison.
   rN+:       It protects you from negative energy.
   Will+:     It increases your willpower.
   rCorr:     It protects you from acid and corrosion.
 C - a ring of protection from cold (left hand) {rC+, !d}
   (You found it on level 2 of the Lair of Beasts)
 F - a ring of protection from fire {rF+, !d}
   (You found it on level 5 of the Lair of Beasts)
 Q - an amulet of regeneration (around neck)
   (You found it on level 1 of the Lair of Beasts)
Wands
 p - a wand of paralysis (13)
   (You found it on level 6 of the Dungeon)
 q - a wand of flame (22)
   (You took it off Maggie on level 8 of the Dungeon)
 s - a wand of roots (9)
   (You found it on level 6 of the Dungeon)
 x - a wand of quicksilver (5)
   (You took it off Maurice on level 8 of the Dungeon)
 y - a wand of mindburst (18)
   (You found it on level 4 of the Dungeon)
Scrolls
 t - 3 scrolls of enchant armour
 B - 2 scrolls of fog
 D - 2 scrolls of blinking {!r}
 E - 6 scrolls of fear
 G - 2 scrolls of poison {!r}
 K - 4 scrolls of immolation {!r}
 O - 2 scrolls of silence
 S - a scroll of summoning
 V - a scroll of vulnerability {!r!r}
 Y - 7 scrolls of teleportation {@r3}
 Z - a scroll of revelation
Potions
 f - 8 potions of mutation {unknown}
 g - 4 potions of ambrosia {unknown}
 j - 2 potions of degeneration {unknown}
 k - 3 potions of might
 o - 2 potions of brilliance {unknown}
 H - 3 potions of haste
 J - 11 potions of curing {@q1}
 M - a potion of magic
 N - 5 potions of heal wounds {@q2}
 P - 2 potions of enlightenment
 T - a potion of resistance {unknown}
 U - a potion of cancellation {unknown}
Miscellaneous
 m - a phantom mirror
   (You found it in an ice cave)
 v - a lightning rod (3/4)
   (You found it on level 4 of the Lair of Beasts)


   Skills:
 + Level 10.9 Fighting
 + Level 14.2 Maces & Flails
 - Level 10.0 Armour
 - Level 15.0 Shields
 - Level 10.0 Evocations


You had 13 spell levels left.
You didn't know any spells.
Your spell library was empty.

Dungeon Overview and Level Annotations

Branches:
Dungeon (10/15)            Temple (0/1) D:6            Lair (5/5) D:9
  Swamp (0/4) Lair:2        Snake (0/4) Lair:2        Slime (0/5) Lair:5
    Orc (2/2) D:10            Elf (0/3) Orc:2         Sewer (visited)
Ossuary (visited)           IceCv (visited)         Volcano (visited)

Altars:
Elyvilon
Kikubaaqudgha
Makhleb
Nemelex Xobeh
Okawaru
Sif Muna
Trog
Vehumet
The Shining One
Jiyva

Shops:
Orc:2 *!!

Annotations:
D:6 Jeremiah
D:9 dig vault


Innate Abilities, Weirdness & Mutations

Armour fits poorly on your strangely shaped body.
You have extremely tough skin. (AC +3)
You have a long armoured tail.
You regenerate magic and health when rolling toward enemies. (Rampage Regen)


Message History

You sock the orc sorcerer! You tail-slap the orc sorcerer.
The orc high priest hits you with a +0 war axe.
The orc sorcerer hits you but does no damage.
The sun demon hits you!
You are engulfed in flames!
You resist.
You take 14 damage, and have 99/121 hp.
You barely miss the orc sorcerer. You tail-slap the orc sorcerer!
The orc high priest utters an invocation to Beogh.
The orc sorcerer gestures at you while chanting.
The bolt of fire hits you. You resist.
The sun demon hits you but does no damage.
You take 4 damage, and have 95/121 hp.
You closely miss the orc sorcerer.
The orc high priest hits you with a +0 war axe.
The orc sorcerer hits you but does no damage.
You take 2 damage, and have 93/121 hp.
You barely miss the orc sorcerer. You block the sun demon's attack.
You regained 2 hp, and now have 95/121 hp.
You barely miss the orc sorcerer. The sun demon hits you.
You are engulfed in flames.
You resist.
The orc high priest utters an invocation to Beogh.
The orc high priest hits you with a +0 war axe!
The orc sorcerer hits you but does no damage.
The rust devil hits you. The rust devil corrodes you!
You hear a shout!
You take 18 damage, and have 77/121 hp.
You hit the orc sorcerer. You tail-slap the orc sorcerer.
You kill the orc sorcerer!
Trog accepts your kill.
Trog appreciates your killing of a magic user.
The sun demon hits you but does no damage.
The orc knight roars a battlecry!
An orc sorcerer comes into view.
It is wielding a +0 dagger and wearing a +2 robe of positive energy.
You block the rust devil's attack.
You hear a shout!
Your life force feels restored.
You regained 2 hp, and now have 79/122 hp.
The sun demon attacks as it pursues you!
You block the sun demon's attack.
The orc high priest attacks as it pursues you!
The orc high priest hits you with a +0 war axe!
The rust devil attacks as it pursues you!
The rust devil hits you. The rust devil corrodes you!
You take 11 damage, and have 68/122 hp.
The sun demon attacks as it pursues you!
The sun demon hits you!
You are engulfed in flames!
You resist.
The orc high priest attacks as it pursues you!
The orc high priest hits you but does no damage.
The rust devil attacks as it pursues you!
The rust devil hits you. The rust devil corrodes you!
Things that are here:
a +0 hand axe; a +0 chain mail You take 22 damage, and have 46/122 hp.
Okay, then.
As you read the scroll of teleportation {@r3}, it crumbles to dust.
You feel strangely unstable. The sun demon hits you.
You are engulfed in flames!
You resist. You block the orc high priest's attack.
You block the rust devil's attack. The sun demon hits you!
* * * LOW HITPOINT WARNING * * *
You are engulfed in flames.
You resist.
* * * LOW HITPOINT WARNING * * *
You take 27 damage, and have 19/122 hp.
MASSIVE DAMAGE!!
Okay, then.
You feel much better.
The orc high priest calls upon Beogh to heal the orc knight.
The orc knight's wounds heal themselves!
The rust devil hits you. The rust devil corrodes you!
You block the sun demon's attack.
You regained 16 hp, and now have 35/122 hp.
You closely miss the orc high priest.
Your tail-slap misses the orc high priest.
The orc high priest hits you with a +0 war axe.
* * * LOW HITPOINT WARNING * * *
The sun demon hits you!
* * * LOW HITPOINT WARNING * * *
You are engulfed in flames.
You resist.
* * * LOW HITPOINT WARNING * * *
The orc knight completely misses you. The rust devil hits you!
* * * LOW HITPOINT WARNING * * *
The rust devil corrodes you!
You take 29 damage, and have 6/122 hp.
MASSIVE DAMAGE!!
You feel much better. You block the sun demon's attack.
The orc high priest hits you with a +0 war axe!
* * * LOW HITPOINT WARNING * * *
The orc knight hits you with a +2 great sword.
* * * LOW HITPOINT WARNING * * *
The rust devil hits you. The rust devil corrodes you!
You take 2 damage, and have 4/122 hp.
You feel much better.
The orc knight no longer looks unusually strong.
The orc high priest no longer looks unusually strong.
The sun demon hits you!
* * * LOW HITPOINT WARNING * * *
You are engulfed in flames.
You resist.
* * * LOW HITPOINT WARNING * * *
The orc high priest mumbles some strange prayers to Beogh against you.
Beogh smites you!
You die...

.....##.o,,...÷...*
.....#o..,,...o...##
.....#∩.,,,,,..÷.÷.##
.....#*,,,,,,,,.o.4.#
....#.#*∩,,,,,,,#.÷.##
.#.##.#***,,,,,,*#4o.#
..##**.* ****,,*##o4.#
..# **,** **###3oK.#
.## *,,,#######.@oo.##
..# **,*#.......o4.##
.#####**#.........##
#.#..## #.......###
......###......##
#......####.)..##
#...#.## ##.....#
.....## #.).#.##
#...#.####..####


You could see 3 orc knights, 2 orc high priests, a sun demon (summoned), a rust
devil (summoned), a kobold blastminer, a red devil (summoned), a chaos spawn
(summoned) and an orc priest (strong).

Vanquished Creatures
  Gastronok (D:8)
  4 dire elephants (Lair:5)
  5 hydras
  A catoblepas (Lair:3)
  An ogre mage (Volcano)
  The ghost of rbyellow5 the Martial Artist, a journeyman OpFi of Ashenzari (D:10)
  5 two-headed ogres
  9 death yaks
  An orc high priest (Orc:2)
  A hell knight (Volcano)
  3 spectral death yaks (Lair:5)
  3 skysharks
  A spectral anaconda (Lair:5)
  A lindwurm (Lair:5)
  An orc knight (Orc:2)
  2 necromancers (Lair:5)
  An obsidian statue (Lair:5)
  4 orc sorcerers (Orc:2)
  A cyclops (D:8)
  Maurice (D:8)
  An ugly thing (IceCv)
  9 elephants
  2 molten gargoyles (Volcano)
  A kobold blastminer (Orc:2)
  2 ice statues (IceCv)
  7 black mambas
  Joseph (D:7)
  8 cane toads
  A torpor snail (Lair:5)
  Maggie (D:8)
  A freezing wraith (IceCv)
  4 rime drakes
  4 komodo dragons
  2 trolls
  4 polar bears
  A tyrant leech (Lair:3)
  2 hornets (D:9)
  10 blink frogs (Lair:2)
  3 dream sheep (Lair:5)
  A wraith (D:10)
  32 yaks
  2 fire bats (Volcano)
  3 wyverns
  A basilisk (Lair:1)
  A warg (Orc:2)
  7 vampire mosquitoes (D:10)
  Edmund (D:5)
  A spectral cane toad (Lair:5)
  4 swamp worms
  3 acid dragons
  21 water moccasins
  12 orc warriors
  An ice beast (D:8)
  A sky beast (D:6)
  4 black bears
  2 elephant zombies (Lair:5)
  2 ogres
  14 wolves (Lair:1)
  2 centaurs
  2 elephant skeletons (Lair:5)
  A weeping skull (Ossuary)
  16 kobold brigands
  12 bullfrogs
  An elf zombie (Ossuary)
  3 gnoll sergeants
  4 cane toad simulacra
  4 scorpions
  13 wights
  4 elephant simulacra
  19 killer bees
  2 electric eels
  A bombardier beetle (D:6)
  4 lava snakes (Volcano)
  2 centaur zombies (Ossuary)
  A gnoll bouda (D:5)
  7 orc priests
  4 hounds
  4 jellies
  A sleepcap (D:4)
  4 iguanas
  13 orc wizards
  3 mummies
  A howler monkey zombie (Ossuary)
  13 adders
  19 gnolls
  A white imp (D:7)
  An adder zombie (Ossuary)
  4 ribbon worms
  4 dart slugs
  40 orcs
  9 endoplasms
  4 giant cockroaches
  5 goblins
  9 hobgoblins
  3 jackals (D:1)
  3 quokkas
  5 ball pythons
  2 bats
  19 kobolds
  8 rats
  A butterfly (Lair:2)
502 creatures vanquished.

Vanquished Creatures (collateral kills)
  A necromancer (Lair:5)
1 creature vanquished.

Vanquished Creatures (others)
  A burial acolyte (Ossuary)
  An orc wizard (Orc:2)
2 creatures vanquished.

Grand Total: 505 creatures vanquished

Notes
Turn   | Place    | Note
-------+----------+-------------------------------------------
     0 | D:1      | Gadrel the Armataur Fighter began the quest for the Orb.
     0 | D:1      | Reached XP level 1. HP: 18/18 MP: 1/1
    98 | D:1      | Reached skill level 2 in Maces & Flails
   101 | D:1      | Reached XP level 2. HP: 14/25 MP: 2/2
   406 | D:1      | Reached skill level 3 in Fighting
   425 | D:1      | Found a faded altar of an unknown god.
   492 | D:1      | Reached skill level 4 in Armour
   497 | D:1      | Reached XP level 3. HP: 31/31 MP: 3/3
  1283 | D:3      | Identified the +4 spear of Ywnyuwnu {flame, Fly rF+ Str-5
                  | Int+3}
  1344 | D:3      | Found a glowing drain.
  1348 | D:3      | Reached XP level 4. HP: 31/38 MP: 4/4
  1354 | Sewer    | Entered a sewer
  1495 | Sewer    | Noticed a kobold brigand
  1514 | Sewer    | Killed a kobold brigand
  1515 | Sewer    | Reached skill level 4 in Shields
  1515 | Sewer    | Reached XP level 5. HP: 46/46 MP: 5/5
  1636 | Sewer    | Reached skill level 5 in Armour
  1645 | Sewer    | Reached skill level 4 in Fighting
  1645 | Sewer    | Reached XP level 6. HP: 40/52 MP: 6/6
  1749 | Sewer    | Reached skill level 5 in Shields
  2084 | Sewer    | Reached skill level 6 in Armour
  2084 | Sewer    | Gained mutation: You regenerate magic and health when
                  | rolling toward enemies. (Rampage Regen) [Armataur growth]
  2084 | Sewer    | Reached XP level 7. HP: 46/60 MP: 7/7
  2305 | Sewer    | Reached skill level 5 in Fighting
  2305 | Sewer    | Reached skill level 6 in Shields
  2422 | D:3      | Found a sparkling altar of Nemelex Xobeh.
  2422 | D:3      | Found a bloodstained altar of Trog.
  2425 | D:3      | Became a worshipper of Trog the Wrathful
  2781 | D:3      | Found a burning altar of Makhleb.
  2783 | D:3      | Noticed a balrug
  3702 | D:5      | Entered Level 5 of the Dungeon
  3708 | D:5      | Reached skill level 7 in Armour
  3732 | D:5      | Reached * piety under Trog
  3822 | D:5      | Reached skill level 1 in Evocations
  3828 | D:5      | Reached XP level 8. HP: 69/69 MP: 8/8
  3956 | D:5      | Reached skill level 3 in Maces & Flails
  4146 | D:5      | Found a shimmering blue altar of Sif Muna.
  4162 | D:5      | Found an ancient bone altar of Kikubaaqudgha.
  4190 | D:5      | Found a radiant altar of Vehumet.
  4192 | D:5      | Reached skill level 2 in Evocations
  4443 | D:5      | Reached skill level 7 in Shields
  4483 | D:5      | Noticed Edmund
  4489 | D:5      | Killed Edmund
  4490 | D:5      | Reached skill level 6 in Fighting
  4854 | D:6      | Reached skill level 8 in Armour
  4854 | D:6      | Reached skill level 3 in Evocations
  5054 | D:6      | Noticed Jeremiah
  5107 | D:7      | Reached skill level 4 in Maces & Flails
  5107 | D:7      | Reached XP level 9. HP: 74/75 MP: 9/9
  5181 | D:7      | Reached ** piety under Trog
  5196 | D:7      | Identified the +4 robe of Duty {Int+5 Dex-4 SInv}
  5217 | D:7      | Found a sand-covered staircase.
  5225 | Ossuary  | Entered an ossuary
  5225 | Ossuary  | Found a huge runed translucent gate.
  5225 | Ossuary  | Found a huge runed translucent gate.
  5225 | Ossuary  | Found a huge runed translucent gate.
  5225 | Ossuary  | Found a huge runed translucent gate.
  5225 | Ossuary  | Found a huge runed translucent gate.
  5225 | Ossuary  | Found a huge runed translucent gate.
  5225 | Ossuary  | Found a huge runed translucent gate.
  5225 | Ossuary  | Found a huge runed translucent gate.
  5226 | Ossuary  | Found a huge runed translucent gate.
  5226 | Ossuary  | Found a huge runed translucent gate.
  5226 | Ossuary  | Found a huge runed translucent gate.
  5227 | Ossuary  | Found a huge runed translucent gate.
  5227 | Ossuary  | Found a huge runed translucent gate.
  5229 | Ossuary  | Found a huge runed translucent gate.
  5229 | Ossuary  | Found a huge runed translucent gate.
  5233 | Ossuary  | Found a huge runed translucent gate.
  5233 | Ossuary  | Found a huge runed translucent gate.
  5233 | Ossuary  | Found a huge runed translucent gate.
  5233 | Ossuary  | Found a huge runed translucent gate.
  5246 | Ossuary  | Found a huge runed translucent gate.
  5246 | Ossuary  | Found a huge runed translucent gate.
  5246 | Ossuary  | Found a huge runed translucent gate.
  5248 | Ossuary  | Found a huge runed translucent gate.
  5248 | Ossuary  | Found a huge runed translucent gate.
  5249 | Ossuary  | Found a huge runed translucent gate.
  5249 | Ossuary  | Found a huge runed translucent gate.
  5250 | Ossuary  | Found a huge runed translucent gate.
  5250 | Ossuary  | Found a huge runed translucent gate.
  5255 | Ossuary  | Found a huge runed translucent gate.
  5255 | Ossuary  | Found a huge runed translucent gate.
  5273 | Ossuary  | Found a huge runed translucent gate.
  5273 | Ossuary  | Found a huge runed translucent gate.
  5273 | Ossuary  | Found a huge runed translucent gate.
  5273 | Ossuary  | Found a huge runed translucent gate.
  5273 | Ossuary  | Found a huge runed translucent gate.
  5415 | D:7      | Reached skill level 4 in Evocations
  5440 | D:7      | Found a glowing golden altar of the Shining One.
  5482 | D:7      | Noticed Joseph
  5485 | D:7      | Reached skill level 8 in Shields
  5514 | D:6      | HP: 17/75 [wight/+2 dire flail (8)]
  5811 | D:6      | Found a staircase to the Ecumenical Temple.
  5888 | D:6      | Reached skill level 9 in Armour
  5902 | D:6      | Reached skill level 7 in Fighting
  6018 | D:7      | Killed Joseph
  6019 | D:7      | Reached skill level 5 in Evocations
  6467 | D:8      | Noticed Gastronok
  6523 | D:8      | Killed Gastronok
  6524 | D:8      | Reached skill level 9 in Shields
  6524 | D:8      | Reached XP level 10. HP: 74/86 MP: 10/10
  6541 | D:8      | Noticed a cyclops
  6560 | D:8      | Killed a cyclops
  6700 | D:8      | Noticed Maurice
  6707 | D:8      | Killed Maurice
  6708 | D:8      | Reached skill level 10 in Armour
  6757 | D:8      | Reached skill level 6 in Evocations
  6764 | D:8      | Reached *** piety under Trog
  6904 | D:8      | Reached skill level 5 in Maces & Flails
  7149 | D:8      | Noticed Maggie
  7167 | D:8      | Killed Maggie
  7168 | D:8      | Reached skill level 8 in Fighting
  7634 | D:8      | Found a white marble altar of Elyvilon.
  7895 | D:9      | Found a staircase to the Lair.
  7942 | D:9      | Reached skill level 10 in Shields
  8470 | D:9      | Reached skill level 7 in Evocations
  8525 | D:9      | Reached XP level 11. HP: 92/94 MP: 11/11
  8688 | D:9      | Reached skill level 6 in Maces & Flails
  8888 | Lair:1   | Entered Level 1 of the Lair of Beasts
  9191 | Lair:1   | Reached skill level 8 in Evocations
  9197 | Lair:1   | Reached skill level 11 in Shields
  9229 | Lair:1   | Reached skill level 7 in Maces & Flails
  9443 | Lair:1   | Found a dark tunnel.
  9561 | Volcano  | Entered a volcano
  9799 | Volcano  | Found a radiant altar of Vehumet.
  9799 | Volcano  | Noticed a two-headed ogre
  9799 | Volcano  | Noticed an ogre mage
  9799 | Volcano  | Noticed a two-headed ogre
  9799 | Volcano  | Noticed a two-headed ogre
  9802 | Volcano  | Killed a two-headed ogre
  9808 | Volcano  | Killed a two-headed ogre
  9809 | Volcano  | Reached skill level 9 in Evocations
  9813 | Volcano  | Killed an ogre mage
  9817 | Volcano  | Killed a two-headed ogre
  9818 | Volcano  | Reached skill level 8 in Maces & Flails
  9818 | Volcano  | Reached XP level 12. HP: 101/101 MP: 12/12
  9850 | Volcano  | Reached skill level 12 in Shields
 10094 | Volcano  | Noticed a two-headed ogre
 10101 | Volcano  | Killed a two-headed ogre
 11343 | Lair:2   | Noticed a six-headed hydra
 11353 | Lair:2   | Killed a six-headed hydra
 11354 | Lair:2   | Reached skill level 10 in Evocations
 11386 | Lair:1   | HP: 24/101 [poisoned by a black mamba]
 11388 | Lair:1   | HP: 7/101 [poisoned by a water moccasin]
 11389 | Lair:1   | HP: 3/101 [poisoned by a water moccasin]
 11390 | Lair:1   | Reached skill level 13 in Shields
 11658 | Lair:2   | Found a staircase to the Snake Pit.
 12298 | Lair:2   | Noticed a death yak
 12308 | Lair:2   | Noticed a death yak
 12309 | Lair:2   | Noticed a death yak
 12312 | Lair:2   | Noticed a death yak
 12313 | Lair:2   | Killed a death yak
 12314 | Lair:2   | Reached skill level 14 in Shields
 12314 | Lair:2   | Noticed a death yak
 12333 | Lair:2   | Killed a death yak
 12358 | Lair:2   | Killed a death yak
 12364 | Lair:2   | Killed a death yak
 12379 | Lair:2   | Killed a death yak
 12390 | Lair:2   | Reached skill level 15 in Shields
 12866 | Lair:2   | Noticed a death yak
 12866 | Lair:2   | Noticed a death yak
 12867 | Lair:2   | Noticed a death yak
 12880 | Lair:2   | Noticed a death yak
 12922 | Lair:1   | Killed a death yak
 12928 | Lair:1   | HP: 29/154 [death yak (11)]
 12930 | Lair:1   | Killed a death yak
 12931 | Lair:1   | Reached XP level 13. HP: 31/108 MP: 13/13
 13601 | Lair:2   | Reached skill level 9 in Fighting
 13601 | Lair:2   | Reached skill level 9 in Maces & Flails
 13751 | Lair:2   | Found a staircase to the Swamp.
 14265 | Lair:3   | Reached **** piety under Trog
 15278 | Lair:4   | Reached skill level 10 in Fighting
 15278 | Lair:4   | Reached skill level 10 in Maces & Flails
 15988 | Lair:5   | Entered Level 5 of the Lair of Beasts
 16150 | Lair:5   | Reached skill level 11 in Maces & Flails
 16272 | Lair:5   | HP: 28/113 [skyshark (3)]
 16784 | Lair:5   | Found a staircase to the Slime Pits.
 16789 | Lair:5   | Found a viscous altar of Jiyva.
 17186 | Lair:5   | Noticed a dire elephant
 17186 | Lair:5   | Noticed a dire elephant
 17187 | Lair:5   | Noticed a dire elephant
 17192 | Lair:5   | Noticed a dire elephant
 17206 | Lair:5   | Reached skill level 12 in Maces & Flails
 17214 | Lair:5   | Killed a dire elephant
 17298 | Lair:5   | Reached XP level 14. HP: 82/116 MP: 14/14
 17623 | Lair:5   | HP: 14/114 [necromancer/bolt of negative energy (38)]
 17625 | Lair:5   | Reached skill level 13 in Maces & Flails
 17842 | Lair:5   | Identified the ring of the Everdark {rPois rC- rN+ Will+
                  | rCorr}
 18040 | D:10     | Entered Level 10 of the Dungeon
 18074 | D:10     | Identified the +1 robe of Ipadas {+Inv Int-2 Dex+7}
 18249 | D:10     | Found a runed translucent gate.
 18249 | D:10     | Found a runed translucent gate.
 18249 | D:10     | Found a runed translucent gate.
 18254 | D:10     | Noticed rbyellow5's ghost (journeyman OpFi)
 18578 | D:10     | Found a staircase to the Orcish Mines.
 18635 | D:10     | Reached ***** piety under Trog
 19075 | D:10     | Found an iron altar of Okawaru.
 19185 | D:10     | Killed rbyellow5's ghost
 19186 | D:10     | Reached skill level 14 in Maces & Flails
 19216 | Orc:1    | Entered Level 1 of the Orcish Mines
 19312 | Orc:2    | Entered Level 2 of the Orcish Mines
 19369 | Orc:2    | HP: 42/183 [orc warrior/arrow[an orc high priest] (12)]
 19416 | Orc:2    | Found Lotuyvew's Distillery.
 19416 | Orc:2    | Found Uwnotas's Assorted Antiques.
 19417 | Orc:2    | Found Hiusal's Distillery.
 19447 | Orc:2    | Found a frozen archway.
 19457 | Orc:2    | Received a gift from Trog
 19470 | IceCv    | Entered an ice cave
 19472 | IceCv    | Found a transporter.
 19500 | IceCv    | Found a transporter.
 19640 | Orc:2    | Upgraded the game from 0.32-a0-933-ga8fa3634e4 to
                  | 0.32-a0-938-g40ac7a0f4d
 19764 | Orc:2    | HP: 25/122 [sun demon[an orc high priest] (14)]
 19766 | Orc:2    | HP: 6/122 [rust devil[an orc high priest] (8)]
 19768 | Orc:2    | Killed from afar by an orc high priest

Illustrated notes

Levels and vault maps discovered:
D:1:      nagdon_arrival_zigzag_paths, layout_basic,
          ebering_ecumenical_altar_webs
D:2:      layout_rooms
D:3:      layout_loops_cross, makhleb_altar_promises_db,
          gammafunk_temple_overflow_elements, gup_sewer_entry_bubbles,
          minivault_11, minmay_misc_feat_four_crosses
D:4:      layout_rooms, dk_noncrumbling_4
D:5:      layout_basic, palyth_temple_overflow_mages, chequers_big_river,
          minmay_strange_pillars, uniq_edmund
D:6:      layout_gridville, minmay_temple_entry_enclosed_plants, uniq_jeremiah
D:7:      layout_cave_pools, tso_metal_star, gup_ossuary_entry_pyramid,
          uniq_joseph
D:8:      layout_basic, nicolae_elyvilon_temple_path, eino_jars, uniq_maggie,
          uniq_maurice, uniq_gastronok
D:9:      layout_basic, due_lair_maze_entry_diamond, due_unseen_surprise
D:10:     layout_irregular_city, nicolae_overflow_hidden_temple,
          lemuel_coloured_pillars_altar, kennysheep_orc_monster_closet_entryway,
          ebering_ghost_rock_garden, kennysheep_generic_room_13
Lair:1:   layout_layer_cave, enter_volcano_1, grunt_megastairs_2
Lair:2:   layout_gridlike, palyth_hydra_swamp_entry,
          minmay_snake_entry_six_corridors, serial_bayou_shore_b,
          lemuel_fruit_fields
Lair:3:   layout_roguey, nicolae_quartered_pool_little, worms_lemuel,
          lemuel_fruit_fields
Lair:4:   layout_roguey, chequers_serial_rivers_micro_d, lemuel_fruit_tree,
          serial_bayou_shore_a
Lair:5:   due_jungle_book, layout_cave_pods, dpeg_slime_entry_corner
Orc:1:    layout_caves, serial_shops, shop, nicolae_orc_beogh_chapel
Orc:2:    grunt_orc_tribal_feast, layout_caves, portal_ice_cave_entry_pillars_1

Skill      XL: |  1  2  3  4  5  6  7  8  9 10 11 12 13 14 |
---------------+-------------------------------------------+-----
Maces & Flails | 2 4 5 8 12 14 | 14.2
Fighting       | 3 4 5 6 7 8 10 | 10.9
Armour         | 4 5 6 7 8 9 10 | 10.0
Shields        | 4 5 6 7 9 10 11 15 | 15.0
Evocations     | 1 3 5 7 9 10 | 10.0

Action                     |  1- 3 |  4- 6 |  7- 9 | 10-12 | 13-15 || total
---------------------------+-------+-------+-------+-------+-------++-------
  Melee: Flail             |    89 |       |   226 |   864 |  1032 ||  2211
         Tailslap          |     7 |    11 |    64 |   135 |   205 ||   422
         Spear             |    15 |    66 |       |       |       ||    81
         Whip              |       |    11 |   242 |       |       ||   253
         Eveningstar       |       |       |       |       |    90 ||    90
  Throw: Stone             |     1 |       |       |       |       ||     1
         Dart              |       |       |     1 |       |       ||     1
 Invoke: Berserk           |       |       |     3 |    12 |    15 ||    30
         Trog's Hand       |       |       |       |     3 |     2 ||     5
         Brothers in Arms  |       |       |       |       |     1 ||     1
  Evoke: Wand              |       |       |       |     5 |     1 ||     6
         Lightning rod     |       |       |       |       |     4 ||     4
    Use: Scroll            |     2 |       |    14 |     1 |    18 ||    35
         Potion            |       |       |     2 |     1 |     5 ||     8
   Stab: Paralysed         |       |       |       |    10 |       ||    10
 Armour: Scale mail        |    73 |    25 |   264 |   593 |  1009 ||  1964
  Dodge: Dodged            |    26 |    11 |   153 |   473 |   469 ||  1132
  Block: Buckler           |    28 |    14 |   229 |   579 |   414 ||  1264
         Reflection        |       |     2 |     9 |     3 |     2 ||    16

Table legend: (Time is in decaauts)
 A = Elapsed time spent in this place.
 B = Non-inter-level travel time spent in this place.
 C = Inter-level travel time spent in this place.
 D = Time resting spent in this place.
 E = Time spent auto-exploring this place.
 F = Levels seen in this place.
 G = Mean time per level.
                   A        B        C        D        E       F      G
               +--------+--------+--------+--------+--------+-----+--------+
         Total |  20006 |  19256 |    750 |   1586 |  12139 |  21 |  952.7 |
       Dungeon |   9095 |   8804 |    291 |    243 |   6435 |  10 |  909.5 |
          Lair |   8561 |   8152 |    409 |    969 |   4842 |   5 | 1712.2 |
  Orcish Mines |    362 |    314 |     48 |     31 |     75 |   2 |  181.0 |
         Sewer |    996 |    996 |      0 |     19 |    713 |   1 |  996.0 |
       Ossuary |    152 |    152 |      0 |      0 |     74 |   1 |  152.0 |
      Ice Cave |    195 |    195 |      0 |     81 |      0 |   1 |  195.0 |
       Volcano |    641 |    641 |      0 |    242 |      0 |   1 |  641.0 |
               +--------+--------+--------+--------+--------+-----+--------+

Top non-repeatable levels by time:
  Lair:1: 2410 daAuts
  Lair:2: 2217 daAuts
  Lair:5: 1883 daAuts
     D:8: 1481 daAuts
  Lair:3: 1197 daAuts
     D:9: 1196 daAuts
    D:10: 1117 daAuts
   Sewer: 996 daAuts
     D:5: 962 daAuts
     D:6: 929 daAuts
  Lair:4: 853 daAuts
     D:3: 835 daAuts
     D:1: 758 daAuts
     D:7: 660 daAuts
 Volcano: 641 daAuts

Levels and vault maps discovered:
D:1:      nagdon_arrival_zigzag_paths, layout_basic,
          ebering_ecumenical_altar_webs
D:2:      layout_rooms
D:3:      layout_loops_cross, makhleb_altar_promises_db,
          gammafunk_temple_overflow_elements, gup_sewer_entry_bubbles,
          minivault_11, minmay_misc_feat_four_crosses
D:4:      layout_rooms, dk_noncrumbling_4
D:5:      layout_basic, palyth_temple_overflow_mages, chequers_big_river,
          minmay_strange_pillars, uniq_edmund
D:6:      layout_gridville, minmay_temple_entry_enclosed_plants, uniq_jeremiah
D:7:      layout_cave_pools, tso_metal_star, gup_ossuary_entry_pyramid,
          uniq_joseph
D:8:      layout_basic, nicolae_elyvilon_temple_path, eino_jars, uniq_maggie,
          uniq_maurice, uniq_gastronok
D:9:      layout_basic, due_lair_maze_entry_diamond, due_unseen_surprise
D:10:     layout_irregular_city, nicolae_overflow_hidden_temple,
          lemuel_coloured_pillars_altar, kennysheep_orc_monster_closet_entryway,
          ebering_ghost_rock_garden, kennysheep_generic_room_13
Lair:1:   layout_layer_cave, enter_volcano_1, grunt_megastairs_2
Lair:2:   layout_gridlike, palyth_hydra_swamp_entry,
          minmay_snake_entry_six_corridors, serial_bayou_shore_b,
          lemuel_fruit_fields
Lair:3:   layout_roguey, nicolae_quartered_pool_little, worms_lemuel,
          lemuel_fruit_fields
Lair:4:   layout_roguey, chequers_serial_rivers_micro_d, lemuel_fruit_tree,
          serial_bayou_shore_a
Lair:5:   due_jungle_book, layout_cave_pods, dpeg_slime_entry_corner
Orc:1:    layout_caves, serial_shops, shop, nicolae_orc_beogh_chapel
Orc:2:    grunt_orc_tribal_feast, layout_caves, portal_ice_cave_entry_pillars_1

Table legend: (Time is in decaauts)
 A = Elapsed time spent in this place.
 B = Non-inter-level travel time spent in this place.
 C = Inter-level travel time spent in this place.
 D = Time resting spent in this place.
 E = Time spent auto-exploring this place.
 F = Levels seen in this place.
 G = Mean time per level.
                   A        B        C        D        E       F      G
               +--------+--------+--------+--------+--------+-----+--------+
         Total |  20006 |  19256 |    750 |   1586 |  12139 |  21 |  952.7 |
       Dungeon |   9095 |   8804 |    291 |    243 |   6435 |  10 |  909.5 |
          Lair |   8561 |   8152 |    409 |    969 |   4842 |   5 | 1712.2 |
  Orcish Mines |    362 |    314 |     48 |     31 |     75 |   2 |  181.0 |
         Sewer |    996 |    996 |      0 |     19 |    713 |   1 |  996.0 |
       Ossuary |    152 |    152 |      0 |      0 |     74 |   1 |  152.0 |
      Ice Cave |    195 |    195 |      0 |     81 |      0 |   1 |  195.0 |
       Volcano |    641 |    641 |      0 |    242 |      0 |   1 |  641.0 |
               +--------+--------+--------+--------+--------+-----+--------+

Top non-repeatable levels by time:
  Lair:1: 2410 daAuts
  Lair:2: 2217 daAuts
  Lair:5: 1883 daAuts
     D:8: 1481 daAuts
  Lair:3: 1197 daAuts
     D:9: 1196 daAuts
    D:10: 1117 daAuts
   Sewer: 996 daAuts
     D:5: 962 daAuts
     D:6: 929 daAuts
  Lair:4: 853 daAuts
     D:3: 835 daAuts
     D:1: 758 daAuts
     D:7: 660 daAuts
 Volcano: 641 daAuts

Table legend:
 A = Kills in this place as a percentage of kills in the entire game.
 B = Kills by you in this place as a percentage of kills by you in the entire game.
 C = Kills by friends in this place as a percentage of kills by friends in the entire game.
 D = Other kills in this place as a percentage of other kills in the entire game.
 E = Experience gained in this place as a percentage of experience gained in the entire game.
 F = Experience gained in this place divided by the number of levels of this place that you have seen.
                   A       B       C       D       E      F
               +-------+-------+-------+-------+-------+----------------------
         Total | 100.0 | 100.0 | 100.0 | 100.0 | 100.0 | 4257.6
       Dungeon |  46.5 |  46.7 |   0.0 |   0.0 |  19.4 | 1737.0
          Lair |  32.0 |  31.9 | 100.0 |   0.0 |  62.3 | 11145.6
  Orcish Mines |   9.5 |   9.6 |   0.0 |   0.0 |   7.2 | 3216.0
         Sewer |   5.6 |   5.6 |   0.0 |   0.0 |   1.0 | 935.0
       Ossuary |   1.8 |   1.6 |   0.0 | 100.0 |   0.4 | 356.0
      Ice Cave |   1.8 |   1.8 |   0.0 |   0.0 |   2.4 | 2152.0
       Volcano |   2.8 |   2.8 |   0.0 |   0.0 |   7.2 | 6437.0
               +-------+-------+-------+-------+-------+----------------------
